 Dungeon Crawl Stone Soup version 0.25.0-1-g7eea58d2a3 (webtiles) character file.

Game seed: 17629420167837063848

21481 inmateoo the Geomancer (level 12, 0/85 HPs)
             Began as an Octopode Earth Elementalist on June 13, 2020.
             Was the Champion of Cheibriados.
             Shot with an arrow by a centaur (3 damage)
             ... on level 13 of the Dungeon.
             The game lasted 00:43:27 (19685 turns).

inmateoo the Geomancer (OpEE)                      Turns: 19685, Time: 00:43:28

Health: 0/85       AC:  1    Str: 23    XL:     12   Next: 90%
Magic:  6/25       EV: 21    Int: 39    God:    Cheibriados [******]
Gold:   657        SH:  5    Dex: 27    Spells: 15/30 levels left

rFire    . . .     SeeInvis +   d - +1 short sword (drain)
rCold    . . .     Gourm    .   (no shield)
rNeg     + . .     Faith    .   (helmet restricted)
rPois    +         Spirit   .   k - amulet of reflection
rElec    .         Reflect  +   j - ring of resist corrosion
rCorr    +         Harm     .   u - ring of see invisible
MR       .....                  A - ring "Zoemalor" {rPois rN+ Int+2}
Stlth    +++++.....             (no ring)
HPRegen  0.24/turn              (no ring)
MPRegen  0.19/turn              (no ring)
                                (no ring)
                                (no ring)

@: lightly drained, very slow
A: almost no armour, stealthy swim, amphibious, 8 rings, constrict 8, camouflage
1, gelatinous body 1
a: Bend Time, Temporal Distortion, Slouch, Step From Time, Renounce Religion


You were on level 13 of the Dungeon.
You worshipped Cheibriados.
Cheibriados was exalted by your worship.
You were not hungry.

You visited 2 branches of the dungeon, and saw 14 of its levels.

You collected 852 gold pieces.
You spent 195 gold pieces at shops.

Inventory:

Hand Weapons
 d - a +1 short sword of draining (weapon)
 f - the +0 spear "Giantslayer" {antimagic, rElec rC+ Int+2 Dex+4}
   (You found it on level 6 of the Dungeon)

   It reduces the magical energy of the wielder, and disrupts the spells and
   magical abilities of those hit.
   Natural abilities and divine invocations are not affected.
   It affects your intelligence (+2).
   It affects your dexterity (+4).
   It protects you from cold.
   It insulates you from electricity.
Missiles
 b - 155 stones (quivered)
Armour
 l - a +0 buckler
Magical Staves
 a - an uncursed staff of fire
 n - an uncursed staff of energy
Jewellery
 j - a ring of resist corrosion (left tentacle)
 k - an amulet of reflection (around mantle)
 u - a ring of see invisible (right tentacle)
 y - an uncursed amulet of guardian spirit
 A - the ring "Zoemalor" (on tentacle) {rPois rN+ Int+2}
   (You acquired it on level 11 of the Dungeon)

   [ring of positive energy]

   It affects your intelligence (+2).
   It protects you from poison.
   It protects you from negative energy.
Wands
 h - a wand of polymorph (3)
 o - a wand of digging (5)
 q - a wand of paralysis (3)
 w - a wand of iceblast (14)
 x - a wand of flame (28)
 D - a wand of disintegration (5)
Scrolls
 g - 11 scrolls of remove curse
 i - 2 scrolls of enchant weapon
 m - 3 scrolls of identify
 p - 4 scrolls of enchant armour
 s - 3 scrolls of fog
Potions
 e - 11 potions of curing
 r - 2 potions of stabbing
 v - a potion of flight
 z - a potion of heal wounds
 B - 2 potions of ambrosia
 E - a potion of brilliance
Comestibles
 c - 11 rations


   Skills:
 + Level 9.2(9.0) Fighting
 - Level 8.0(7.7) Dodging
 - Level 5.0(4.8) Stealth
 + Level 9.6(9.4) Spellcasting
 - Level 2.0(1.8) Conjurations
 - Level 4.0(3.8) Transmutations
 + Level 11.4(11.1) Earth Magic
 - Level 8.0(7.7) Invocations


You had 15 spell levels left.
You knew the following spells:

 Your Spells              Type           Power        Failure   Level  Hunger
a - Sandblast             Erth           ######       1%          1    None
b - Passwall              Tmut/Erth      ######..     1%          2    None
c - Stone Arrow           Conj/Erth      ######       1%          3    None
d - Petrify               Tmut/Erth      ######..     1%          4    None
e - Lee's Rapid Deconstr  Erth           #######...   1%          5    ##.....

Your spell library contained the following spells:

 Spells                   Type           Power        Failure   Level  Hunger
 Animate Skeleton         Necr           N/A          1%          1    None
 Apportation              Tloc           ###...       1%          1    None
 Corona                   Hex            ###....      1%          1    None
 Magic Dart               Conj           ####         1%          1    None
 Summon Small Mammal      Summ           ###.         1%          1    None
 Searing Ray              Conj           ####..       1%          2    None
 Dazzling Flash           Conj/Hex       ####..       4%          3    None
 Confusing Touch          Hex            ###.....     6%          3    None
 Gell's Gravitas          Tloc           ###.......   6%          3    None
 Fulminant Prism          Conj/Hex       ####......   14%         4    None
 Iskenderun's Mystic Bla  Conj/Tloc      ####....     14%         4    None
 Yara's Violent Unravell  Hex/Tmut       ####......   26%         5    ##.....
 Metabolic Englaciation   Hex/Ice        ###.......   50%         5    ##.....


Dungeon Overview and Level Annotations

Branches:
Dungeon (13/15)            Temple (1/1) D:5            Lair (0/6) D:11
    Orc (0/2) D:12
 Vaults: D:13-14

Altars:
Ashenzari
Cheibriados
Dithmenos
Elyvilon
Fedhas
Gozag
Hepliaklqana
Kikubaaqudgha
Makhleb
Nemelex Xobeh
Okawaru
Qazlal
Ru
Sif Muna
Trog
Uskayaw
Vehumet
Wu Jian
Xom
Yredelemnul
Zin
The Shining One

Shops:
D:6 =   D:7 !

Annotations:
D:11 3 runed translucent doors, Mamah's ghost, journeyman TrMo; nikku's ghost, journeyman DECj
D:12 exclusion: hydra


Innate Abilities, Weirdness & Mutations

You cannot wear most types of armour.
You are very stealthy in the water. (Stealth+)
You are amphibious.
You can wear up to eight rings at the same time.
You can use your tentacles to constrict eight enemies at once.
Your skin changes colour to match your surroundings (Stealth+).
Your rubbery body absorbs attacks. (AC +1, EV +1)


Message History

You hear a shout!
Unknown command.
Unknown command.
Unknown command.
The bullfrog completely misses you. x2
Unknown command.
Unknown command.
The helpless troll fails to defend itself.
You puncture the troll! You drain the troll. You squeeze the troll!
The troll is severely wounded.
The bullfrog hits you.
* * * LOW HITPOINT WARNING * * *
Unknown command.
Unknown command.
The helpless troll fails to defend itself.
You puncture the troll!
You kill the troll!
The centaur shoots an arrow.
The arrow hits you!
* * * LOW HITPOINT WARNING * * *
You die...

............$.
.............
............
...c.......
#..........
#########.........o
...................
.......@Fo.........
........(..........
....##########...##
... ..# . .# #


You could see a bullfrog, a centaur and an orc.

Vanquished Creatures
  Erolcha (D:9)
  A hydra (D:9)
  2 two-headed ogres
  Nergalle (D:11)
  Pikel (D:7)
  An orc knight (D:9)
  2 ugly things
  Psyche (D:12)
  11 trolls
  A hornet (D:11)
  Prince Ribbit (D:9)
  3 hippogriffs
  2 shadows
  12 yaks
  A wyvern (D:12)
  A hungry ghost (D:7)
  3 vampire mosquitoes (D:12)
  A swamp worm (shapeshifter) (D:12)
  18 wargs
  An acid dragon (D:12)
  4 porcupines
  9 orc warriors
  3 sky beasts
  5 ice beasts
  3 black bears
  3 necrophages
  A phantom (D:11)
  7 ogres
  12 centaurs
  A wyvern zombie (D:10)
  9 bullfrogs
  A scorpion (D:10)
  13 killer bees
  3 howler monkeys (D:7)
  3 wights (D:11)
  An electric eel (D:12)
  2 crimson imps
  A quasit (D:4)
  5 hounds
  3 bullfrog skeletons
  6 orc priests
  7 orc wizards
  4 centaur skeletons
  Ijyb (D:5)
  Natasha (thrice) (D:2)
  5 iguanas
  A hell rat (D:11)
  4 worker ants
  2 hound skeletons
  A worker ant zombie (D:5)
  Robin (D:2)
  3 gnolls (D:7)
  A howler monkey skeleton (D:6)
  9 adders
  A river rat (D:11)
  4 shadow imps
  An ooze (D:6)
  An adder zombie (D:9)
  4 worms
  A dart slug (D:2)
  6 leopard geckos
  56 orcs
  8 giant cockroaches
  16 goblins
  9 hobgoblins
  5 jackals (D:2)
  7 quokkas
  5 bats
  3 frilled lizards
  A jackal skeleton (D:8)
  6 kobolds
  4 rats
340 creatures vanquished.

Vanquished Creatures (others)
  A sky beast (D:7)
  A hound skeleton (D:7)
  7 plants
  5 withered plants (D:11)
14 creatures vanquished.

Grand Total: 354 creatures vanquished

Notes
Turn   | Place    | Note
-------+----------+-------------------------------------------
     0 | D:1      | inmateoo the Octopode Earth Elementalist began the quest
                  | for the Orb.
     0 | D:1      | Reached XP level 1. HP: 11/11 MP: 3/3
   218 | D:1      | Reached XP level 2. HP: 16/17 MP: 3/5
   660 | D:2      | Learned a level 2 spell: Passwall
   961 | D:2      | Reached XP level 3. HP: 16/21 MP: 3/6
  1036 | D:2      | Noticed Natasha
  1043 | D:2      | Killed Natasha
  1321 | D:2      | Found a radiant altar of Vehumet.
  1457 | D:2      | Reached XP level 4. HP: 27/27 MP: 6/8
  1495 | D:2      | Noticed Robin
  1646 | D:2      | Learned a level 3 spell: Stone Arrow
  1678 | D:2      | Noticed Natasha
  1684 | D:2      | Killed Natasha
  1684 | D:2      | Reached skill level 4 in Earth Magic
  1812 | D:2      | Noticed Natasha
  1822 | D:2      | Killed Natasha
  1822 | D:2      | Reached XP level 5. HP: 25/31 MP: 0/9
  2296 | D:2      | Killed Robin
  2917 | D:3      | Found a blossoming altar of Fedhas.
  2950 | D:3      | Reached skill level 1 in Fighting
  3364 | D:4      | Reached XP level 6. HP: 33/38 MP: 7/11
  4213 | D:5      | Entered Level 5 of the Dungeon
  4265 | D:5      | Reached skill level 5 in Earth Magic
  4294 | D:5      | Reached XP level 7. HP: 39/45 MP: 2/13
  4486 | D:5      | Found a staircase to the Ecumenical Temple.
  4504 | Temple   | Entered the Ecumenical Temple
  4743 | Temple   | Became a worshipper of Cheibriados the Contemplative
  4974 | D:5      | Learned a level 4 spell: Petrify
  4980 | D:5      | Learned a level 5 spell: Lee's Rapid Deconstruction
  5004 | D:5      | Noticed Ijyb
  5006 | D:5      | Paralysed by something for 6 turns
  5022 | D:5      | Paralysed by something for 5 turns
  5203 | D:5      | Found a hazy altar of Hepliaklqana.
  5289 | D:5      | Paralysed by Ijyb for 2 turns
  5292 | D:5      | Killed Ijyb
  5614 | D:6      | Got a faintly glowing spear
  5615 | D:6      | Identified the +0 spear "Giantslayer" {antimagic, rElec rC+
                  | Int+2 Dex+4} (You found it on level 6 of the Dungeon)
  5907 | D:6      | Found a burning altar of Makhleb.
  5910 | D:6      | Noticed an Executioner
  5911 | D:6      | Found a glowing silver altar of Zin.
  5912 | D:6      | Noticed an angel
  5966 | D:6      | Reached skill level 5 in Spellcasting
  5999 | D:6      | Found a sparkling altar of Nemelex Xobeh.
  6027 | D:6      | Found Giyff's Jewellery Boutique.
  6030 | D:6      | Bought an uncursed ring of see invisible for 195 gold
                  | pieces
  6350 | D:7      | Reached XP level 8. HP: 54/54 MP: 12/15
  6738 | D:7      | Reached skill level 6 in Earth Magic
  7008 | D:7      | Noticed Pikel
  7040 | D:7      | Killed Pikel
  7040 | D:7      | Reached skill level 5 in Fighting
  7040 | D:7      | Reached skill level 7 in Earth Magic
  7285 | D:7      | Reached XP level 9. HP: 37/61 MP: 18/18
  7495 | D:7      | Reached * piety under Cheibriados
  7503 | D:7      | Found Woddut's Distillery.
  8084 | D:7      | Reached skill level 8 in Earth Magic
  8086 | D:7      | Reached skill level 1 in Conjurations
  8086 | D:7      | Reached skill level 1 in Invocations
  8959 | D:8      | Reached ** piety under Cheibriados
  9195 | D:8      | Noticed a troll
  9271 | D:8      | Killed a troll
  9271 | D:8      | Reached XP level 10. HP: 30/68 MP: 2/19
  9426 | D:8      | Found a shattered altar of Ashenzari.
  9427 | D:8      | Found a sparkling altar of Nemelex Xobeh.
  9427 | D:8      | Found a sacrificial altar of Ru.
  9428 | D:8      | Found an opulent altar of Gozag.
 10432 | D:9      | Noticed Erolcha
 10439 | D:9      | Killed Erolcha
 10439 | D:9      | Reached skill level 9 in Earth Magic
 10451 | D:9      | Reached skill level 5 in Dodging
 10632 | D:9      | Noticed a five-headed hydra
 10640 | D:9      | Killed a five-headed hydra
 10642 | D:9      | Noticed Prince Ribbit
 10654 | D:9      | Killed Prince Ribbit
 10658 | D:9      | Reached skill level 5 in Invocations
 11000 | D:9      | Reached *** piety under Cheibriados
 11007 | D:9      | Noticed an orc knight
 11247 | D:9      | Reached XP level 11. HP: 75/75 MP: 10/22
 12695 | D:9      | Reached **** piety under Cheibriados
 12695 | D:9      | Reached skill level 10 in Earth Magic
 12863 | D:9      | Killed an orc knight
 13649 | D:10     | Entered Level 10 of the Dungeon
 13701 | D:10     | Noticed a two-headed ogre
 13705 | D:10     | Killed a two-headed ogre
 14174 | D:10     | Reached ***** piety under Cheibriados
 15503 | D:11     | Found a runed translucent gate.
 15505 | D:11     | Found a runed translucent gate.
 15506 | D:11     | Found a runed translucent gate.
 15507 | D:11     | Noticed nikku's ghost (journeyman DECj)
 15575 | D:11     | Reached skill level 5 in Stealth
 15900 | D:11     | Noticed Nergalle
 16300 | D:11     | Reached XP level 12. HP: 82/82 MP: 13/24
 16403 | D:11     | Noticed a two-headed ogre
 16409 | D:11     | Killed a two-headed ogre
 16523 | D:11     | Noticed a death yak
 16523 | D:11     | Noticed a death yak
 16556 | D:11     | Noticed Mamah's ghost (journeyman TrMo)
 16576 | D:11     | Found a staircase to the Lair.
 16587 | D:11     | Noticed a death yak
 16967 | D:11     | Identified a scroll of acquirement
 16968 | D:11     | Got the ring "Zoemalor" {rPois rN+ Int+2}
 16988 | D:11     | Reached ****** piety under Cheibriados
 16992 | D:11     | Killed Nergalle
 17276 | D:12     | Noticed a four-headed hydra
 17313 | D:12     | Noticed Psyche
 17321 | D:12     | Killed Psyche
 17860 | D:12     | Reached skill level 11 in Earth Magic
 18177 | D:12     | Found a staircase to the Orcish Mines.
 18183 | D:12     | Noticed an iron troll
 18195 | D:12     | Noticed an iron troll
 19673 | D:13     | Noticed a two-headed ogre
 19685 | D:13     | HP: 3/85 [centaur/arrow (13)]
 19685 | D:13     | Shot with an arrow by a centaur

Illustrated notes

Levels and vault maps discovered:
D:1:      dpeg_arrival_pits, layout_basic, minmay_worlds_worst_comb
D:2:      layout_loops_ring, nicolae_overflow_crystal_walls, dk_noncrumbling_3,
          uniq_natasha, uniq_robin
D:3:      layout_basic, nicolae_overflow_hidden_temple, kennysheep_minor_cross
D:4:      layout_cave_pods, minmay_vboxes
D:5:      layout_cave_pools, lemuel_round_altar,
          minmay_temple_entry_stoned_glass, first_ration, uniq_ijyb
D:6:      layout_loops_ring, grunt_temple_overflow_order_and_chaos_2,
          serial_shops, kennysheep_mini_moat, nemelex_dance_club_becter
D:7:      layout_loops_ring, serial_shops, shop, centaur_isle, uniq_pikel
D:8:      wad_woods_settlement, layout_layer_cave,
          chequers_temple_overflow_statue_of_worship, minivault_26
D:9:      lemuel_castle_with_subvaults [lemuel_castle_interior_carwin_2],
          layout_irregular_city, uniq_prince_ribbit1, uniq_erolcha
D:10:     layout_irregular_city
D:11:     wad_crossroads, layout_irregular_city, dpeg_lair_monsters,
          gammafunk_ghost_cemetery, billiards_dpeg, uniq_nergalle
D:12:     lemuel_troll_bridge, layout_irregular_city, orc_0_dummy,
          serial_rivers, chequers_serial_rivers_small_3,
          chequers_serial_rivers_room_a, chequers_serial_rivers_micro_c,
          chequers_serial_rivers_micro_b, chequers_serial_rivers_micro_d,
          basic_altar, uniq_psyche
D:13:     layout_long_grid, serial_shops, shop_fountains, grunt_ogre_cave,
          zaba_antful_of_joy
Temple:   oiseaux_autumnal_temple

Skill      XL: |  1  2  3  4  5  6  7  8  9 10 11 12 |
---------------+-------------------------------------+-----
Stealth        | 3 5 |  5.0
Dodging        | 3 4 5 6 8 |  8.0
Spellcasting   | 3 4 5 6 7 8 9 |  9.6
Earth Magic    | 4 5 7 8 9 10 11 | 11.4
Fighting       | 1 2 3 5 7 9 |  9.2
Conjurations   | 2 |  2.0
Invocations    | 3 5 7 8 |  8.0
Transmutations | 3 4 |  4.0

Action                   |  1- 3 |  4- 6 |  7- 9 | 10-12 || total
-------------------------+-------+-------+-------+-------++-------
Melee: Unarmed           |    55 |    21 |       |    39 ||   115
       Constrict         |    13 |     9 |    20 |    21 ||    63
       Tentacles         |    12 |     8 |    17 |    42 ||    79
       Short sword       |       |    23 |   115 |    91 ||   229
       Spear             |       |       |     5 |     1 ||     6
 Cast: Sandblast         |    19 |    82 |    68 |    76 ||   245
       Stone Arrow       |       |     4 |     8 |   146 ||   158
       Passwall          |       |     1 |       |     1 ||     2
       Petrify           |       |       |     4 |    19 ||    23
       Lee's Rapid Decon |       |       |     2 |    86 ||    88
Evoke: Wand              |       |       |     9 |    18 ||    27
       Phantom mirror    |       |       |       |     1 ||     1
  Use: Scroll            |       |     8 |     7 |    12 ||    27
       Potion            |       |       |       |     3 ||     3
 Stab: Sleeping          |     4 |     5 |     3 |    11 ||    23
       Petrified         |       |       |     8 |    19 ||    27
       Distracted        |       |       |       |     2 ||     2
       Paralysed         |       |       |       |     5 ||     5
       Petrifying        |       |       |       |     2 ||     2
  Eat: Chunk             |     2 |     9 |    10 |    12 ||    33
       Ration            |       |       |     2 |     4 ||     6
Armor: Skin              |       |     2 |    10 |    52 ||    64
Dodge: Dodged            |    40 |    46 |    99 |   153 ||   338
Block: Other             |       |    14 |    29 |    54 ||    97
       Reflection        |       |     4 |     7 |     9 ||    20
